Canucks vs Panthers (R1)

Created - May 16, 2019 at 23:14

Goals
1 2 3 T
Canucks 3 0 3 6
Panthers 0 1 1 2
Shots
1 2 3 T
Canucks 9 12 10 31
Panthers 6 10 8 24

1st period

1. Canucks , Nik Antropov 2 (Derek Boogaard 2, Johan Franzen 1) at 6:16
2. Canucks , Brad Boyes 2 (Jamie McBain 4) at 7:45
3. Canucks , Ladislav Smid 1 (Brad Boyes 3, Chris Higgins 2) at 17:48

Penalties :
Tomas Kopecky (Flo) for Diving (Minor) at 7:52, Tomas Kopecky (Flo) for Hooking (Minor) at 17:51

2nd period

4. Panthers , Erik Christensen 1 (Drew Stafford 3, Radko Gudas 2) at 6:03 (PP)

Penalties :
Chris Higgins (Van) for High sticking (Minor) at 5:28, Brad Boyes (Van) for Holding (Minor) at 9:35, Derek Boogaard (Van) for Hooking (Minor) at 13:30

3rd period

5. Canucks , Chris Higgins 4 (Matt Stajan 5, Alex Goligoski 3) at 0:10
6. Canucks , Nick Palmieri 2 (Jamie McBain 5, Mike Ribeiro 3) at 7:16
7. Canucks , Chris Higgins 5 (Jamie McBain 6, Matt Stajan 6) at 7:22
8. Panthers , Matt Duchene 1 (Alex Galchenyuk 1, Tomas Kopecky 4) at 14:36

Penalties :
Tomas Kopecky (Flo) for Interference (Minor) at 8:52, Brad Boyes (Van) for Holding (Minor) at 16:31

Goalie Stats

Michal Neuvirth (Van), 22 saves from 24 shots - (0.917), W, 3-0-0, 60:00 minutes
Antti Niemi (Flo), 22 saves from 28 shots - (0.786), L, 1-3-0, 47:22 minutes
Petr Mrazek (Flo), 3 saves from 3 shots - (1.000), 12:38 minutes

Players Stats for Canucks

Player Name              G  A  P  +/- PIM S  H  SB GA TA FO     MP     PP MP  PK MP  
------------------------------------------------------------------------------------
Alex Goligoski           0  1  1   4  0   2  0  1  2  1  0/0    26:06   2:47   2:32 
Brad Boyes               1  1  2   4  4   4  1  1  1  0  2/2    21:42   2:44   0:39 
Chris Higgins            2  1  3   4  2   5  1  0  0  0  1/2    21:05   2:44   1:10 
Clarke MacArthur         0  0  0   1  0   1  1  0  0  0  0/1    16:04   2:41   1:41 
Danny DeKeiser           0  0  0   0  0   0  2  0  0  0  0/0    15:59   3:10   0:43 
Derek Boogaard           0  1  1   0  2   1  0  0  1  0  0/0    11:08   0:44   0:00 
Jamie McBain             0  3  3   4  0   3  2  1  1  0  0/0    27:07   2:47   3:17 
Johan Franzen            0  1  1   0  0   2  3  0  0  0  0/0    10:33   0:41   0:00 
Justin Falk              0  0  0   0  0   0  0  0  0  0  0/0    12:33   0:00   0:00 
Ladislav Smid            1  0  1   1  0   2  0  1  0  0  0/0    20:07   3:10   2:32 
Martins Karsums          0  0  0   0  0   0  2  0  0  0  0/0     8:03   0:00   0:00 
Matt Stajan              0  2  2   4  0   2  1  0  2  1  22/35  23:54   2:44   3:41 
Mike Ribeiro             0  1  1   1  0   1  0  0  0  0  3/7    17:56   2:40   3:32 
Nick Palmieri            1  0  1   1  0   3  1  0  0  0  0/1    13:47   2:32   0:00 
Nik Antropov             1  0  1   0  0   3  0  0  0  1  2/5    11:00   0:03   0:33 
Ryan Hollweg             0  0  0   0  0   0  2  1  0  1  0/0     8:21   0:18   0:00 
Scott Gomez              0  0  0   0  0   0  3  0  0  0  2/3     9:51   0:00   1:48 
Steve Montador           0  0  0   1  0   2  1  1  0  1  0/0    18:08   0:00   4:00 

Players Stats for Panthers

Player Name              G  A  P  +/- PIM S  H  SB GA TA FO     MP     PP MP  PK MP  
------------------------------------------------------------------------------------
Alex Galchenyuk          0  1  1  -1  0   2  4  0  0  0  2/3    20:26   3:33   0:39 
Daniel Sedin             0  0  0   0  0   0  3  0  0  0  0/0    11:38   0:11   0:07 
Drew Stafford            0  1  1  -4  0   2  2  0  0  1  0/0    18:08   2:48   3:24 
Erik Christensen         1  0  1  -4  0   4  2  1  0  0  1/8    14:44   2:48   0:00 
Erik Gudbranson          0  0  0  -5  0   6  3  1  0  0  0/0    30:35   3:20   3:04 
Erik Gustafsson          0  0  0  -1  0   0  0  0  0  0  0/0    11:04   0:00   0:00 
Jean-Gabriel Pageau      0  0  0   0  0   0  2  1  0  0  2/8    14:20   0:07   3:05 
Jonathan Matsumoto       0  0  0   0  0   0  1  0  0  0  3/3     9:36   0:00   1:35 
Kyle Clifford            0  0  0  -4  0   1  3  1  0  0  2/3    16:42   2:48   1:35 
Matt Duchene             1  0  1  -1  0   4  3  3  1  1  13/29  20:04   3:37   0:10 
Matt Irwin               0  0  0  -5  0   1  2  0  1  3  0/0    27:34   3:20   2:03 
Mike Weber               0  0  0   0  0   0  3  0  0  0  0/0    24:06   3:12   2:19 
Patrick Eaves            0  0  0   0  0   0  0  1  0  0  0/0     8:18   0:11   0:00 
Peter Worrell            0  0  0   0  0   0  1  0  0  0  0/0     7:38   0:00   0:00 
Radko Gudas              0  1  1   1  0   2  1  0  0  0  0/0    21:46   3:12   3:38 
Steve Quailer            0  0  0   0  0   0  2  0  1  1  0/0    12:19   0:00   1:19 
Tomas Kopecky            0  1  1  -1  6   2  1  1  2  0  1/2    20:07   3:33   0:00 
William Colbert          0  0  0   0  0   0  0  0  0  1  0/0     4:55   0:00   0:50 

3 Stars

1 - Chris Higgins (Van)
2 - Jamie McBain (Van)
3 - Matt Stajan (Van)

Power Play

Canucks - 0 on 3 Attempt(s) - 0.00%
Panthers - 1 on 4 Attempt(s) - 25.00%

Penalty Kill

Canucks - 3 on 4 Attempt(s) - 75.00% - Score 0 goal in Penalty Kill
Panthers - 3 on 3 Attempt(s) - 100.00% - Score 0 goal in Penalty Kill

Team Stat

Canucks - Hits : 20 - Faceoff Wins : 32 - Blocked Shots : 6 - Penalty Minutes : 8
Panthers - Hits : 33 - Faceoff Wins : 24 - Blocked Shots : 9 - Penalty Minutes : 6

Official

Referees : Unknown
Linesman : Unknown

Game Notes

7:09 of 3rd period - Canucks goal is going for a video replay. After video review, No Goal. The puck has entered the net after making contact with an attacking player’s stick that is above the height of the crossbar.
Petr Mrazek enters game at 7:22 of 3rd period

Finance

Level 1 -- Attendance: 6000 (100.00%) -- Ticket Income $528,000
Level 2 -- Attendance: 5000 (100.00%) -- Ticket Income $275,000
Level 3 -- Attendance: 1476 (73.80%) -- Ticket Income $73,800
Level 4 -- Attendance: 3095 (77.38%) -- Ticket Income $99,040
Luxury Box -- Attendance: 1000 (100.00%) -- Ticket Income $145,000
Game was played at the Bank Atlantic Cente.
Total Attendance: 16571 (92.06%)
Total Ticket Income: $1,120,840
Other Income: $168,126
Total Income: $1,288,966

Canucks

5 vs 5 Forward 
   Center                   Left Wing                Right Wing               Time % Phy DF OF 
 1 Matt Stajan              Chris Higgins            Brad Boyes               60     0   0  5  
 2 Mike Ribeiro             Clarke MacArthur         Nick Palmieri            23     0   0  5  
 3 Nik Antropov             Derek Boogaard           Johan Franzen            12     0   3  2  
 4 Scott Gomez              Ryan Hollweg             Martins Karsums          5      0   2  3  

5 vs 5 Defense 
   Defense                  Defense                                           Time % Phy DF OF 
 1 Alex Goligoski           Jamie McBain                                      63     0   0  5  
 2 Ladislav Smid            Steve Montador                                    20     1   2  2  
 3 Danny DeKeiser           Justin Falk                                       12     1   2  2  
 4 Alex Goligoski           Jamie McBain                                      5      0   0  5  

PowerPlay Forward 
   Center                   Left Wing                Right Wing               Time % Phy DF OF 
 1 Matt Stajan              Chris Higgins            Brad Boyes               70     0   0  5  
 2 Mike Ribeiro             Clarke MacArthur         Nick Palmieri            30     0   0  5  

PowerPlay Defense
   Defense                  Defense                                           Time % Phy DF OF 
 1 Alex Goligoski           Jamie McBain                                      70     0   0  5  
 2 Ladislav Smid            Danny DeKeiser                                    30     0   0  5  

Penalty Kill 4 Players Forward 
   Center                   Wing                     Time % Phy DF OF 
 1 Matt Stajan              Mike Ribeiro             60     1   4  0  
 2 Brad Boyes               Clarke MacArthur         40     1   4  0  

Penalty Kill 4 Players Defense
   Defense                  Defense                  Time % Phy DF OF 
 1 Steve Montador           Jamie McBain             60     1   4  0  
 2 Ladislav Smid            Alex Goligoski           40     1   4  0  

Penalty Kill - 3 Players Forward 
   Forward                                           Time % Phy DF OF 
 1 Matt Stajan                                       60     1   4  0  
 2 Mike Ribeiro                                      40     1   4  0  

Penalty Kill - 3 Players Defense
   Defense                  Defense                  Time % Phy DF OF 
 1 Steve Montador           Jamie McBain             60     1   4  0  
 2 Ladislav Smid            Alex Goligoski           40     1   4  0  

4 vs 4 Forward 
   Center                   Wing                     Time % Phy DF OF 
 1 Matt Stajan              Brad Boyes               60     0   1  4  
 2 Mike Ribeiro             Clarke MacArthur         40     1   2  2  

4 vs 4 Defense
   Defense                  Defense                  Time % Phy DF OF 
 1 Alex Goligoski           Jamie McBain             60     0   2  3  
 2 Ladislav Smid            Danny DeKeiser           40     1   2  2  

Last Minutes Offensive
   Center                   Left Wing                Right Wing               Defense                  Defense                  
   Matt Stajan              Derek Boogaard           Brad Boyes               Alex Goligoski           Jamie McBain             

Last Minutes Defensive
   Center                   Left Wing                Right Wing               Defense                  Defense                  
   Matt Stajan              Derek Boogaard           Brad Boyes               Alex Goligoski           Jamie McBain             

Goaltenders
Starting : Michal Neuvirth          
Backup : Alex Stalock             

Extra Forwards
Normal : Derek Boogaard, Nik Antropov, Scott Gomez - PP : Derek Boogaard, Nick Palmieri - PK : Scott Gomez
Extra Defensemen
Normal : Danny DeKeiser, Justin Falk, Ladislav Smid - PP : Alex Goligoski - PK : Alex Goligoski, Ladislav Smid
Penalty Shots
Mike Ribeiro, Matt Stajan, Brad Boyes, Clarke MacArthur, Chris Higgins

Scratches
Chris Campoli (Healthy)

Panthers

5 vs 5 Forward 
   Center                   Left Wing                Right Wing               Time % Phy DF OF 
 1 Matt Duchene             Alex Galchenyuk          Tomas Kopecky            40     1   2  2  
 2 Erik Christensen         Kyle Clifford            Drew Stafford            30     1   2  2  
 3 Jean-Gabriel Pageau      Daniel Sedin             Steve Quailer            20     1   2  2  
 4 Jonathan Matsumoto       Peter Worrell            Patrick Eaves            10     1   2  2  

5 vs 5 Defense 
   Defense                  Defense                                           Time % Phy DF OF 
 1 Erik Gudbranson          Matt Irwin                                        40     1   2  2  
 2 Radko Gudas              Mike Weber                                        30     1   2  2  
 3 Mike Weber               Erik Gustafsson                                   20     1   2  2  
 4 Erik Gudbranson          Matt Irwin                                        10     1   2  2  

PowerPlay Forward 
   Center                   Left Wing                Right Wing               Time % Phy DF OF 
 1 Matt Duchene             Alex Galchenyuk          Tomas Kopecky            60     1   2  2  
 2 Erik Christensen         Kyle Clifford            Drew Stafford            40     1   2  2  

PowerPlay Defense
   Defense                  Defense                                           Time % Phy DF OF 
 1 Erik Gudbranson          Matt Irwin                                        60     1   2  2  
 2 Radko Gudas              Mike Weber                                        40     1   2  2  

Penalty Kill 4 Players Forward 
   Center                   Wing                     Time % Phy DF OF 
 1 Jean-Gabriel Pageau      Drew Stafford            60     1   2  2  
 2 Jonathan Matsumoto       Kyle Clifford            40     1   2  2  

Penalty Kill 4 Players Defense
   Defense                  Defense                  Time % Phy DF OF 
 1 Erik Gudbranson          Radko Gudas              60     1   2  2  
 2 Matt Irwin               Mike Weber               40     1   2  2  

Penalty Kill - 3 Players Forward 
   Forward                                           Time % Phy DF OF 
 1 Drew Stafford                                     60     1   2  2  
 2 Kyle Clifford                                     40     1   2  2  

Penalty Kill - 3 Players Defense
   Defense                  Defense                  Time % Phy DF OF 
 1 Erik Gudbranson          Radko Gudas              60     1   2  2  
 2 Matt Irwin               Mike Weber               40     1   2  2  

4 vs 4 Forward 
   Center                   Wing                     Time % Phy DF OF 
 1 Matt Duchene             Alex Galchenyuk          60     1   2  2  
 2 Erik Christensen         Tomas Kopecky            40     1   2  2  

4 vs 4 Defense
   Defense                  Defense                  Time % Phy DF OF 
 1 Erik Gudbranson          Matt Irwin               60     1   2  2  
 2 Radko Gudas              Mike Weber               40     1   2  2  

Last Minutes Offensive
   Center                   Left Wing                Right Wing               Defense                  Defense                  
   Matt Duchene             Kyle Clifford            Tomas Kopecky            Erik Gudbranson          Matt Irwin               

Last Minutes Defensive
   Center                   Left Wing                Right Wing               Defense                  Defense                  
   Jean-Gabriel Pageau      Kyle Clifford            Drew Stafford            Erik Gudbranson          Matt Irwin               

Goaltenders
Starting : Antti Niemi              
Backup : Petr Mrazek              

Extra Forwards
Normal : Alex Galchenyuk, Jean-Gabriel Pageau, Kyle Clifford - PP : Drew Stafford, Kyle Clifford - PK : Steve Quailer
Extra Defensemen
Normal : Radko Gudas, Erik Gudbranson, Matt Irwin - PP : Mike Weber - PK : Matt Irwin, Erik Gudbranson
Penalty Shots
Alex Galchenyuk, Matt Duchene, Drew Stafford, Jean-Gabriel Pageau, Kyle Clifford

Scratches
Jonathan Sigalet (Sore Right Knee Injury), Nigel Dawes (Healthy)

% Time on Ice - Canucks

Lines # - Real PCT - Wanted PCT - Time Play
Normal Forward
1 - 38% - 60% - 17:54
2 - 25% - 23% - 11:42
3 - 21% - 12% - 9:52
4 - 17% - 5% - 8:03
Normal Defense
1 - 46% - 63% - 21:46
2 - 31% - 20% - 14:53
3 - 23% - 12% - 10:52
4 - 0% - 5% - 0:00
PP Forward
1 - 57% - 70% - 3:25
2 - 43% - 30% - 2:32
PP Defense
1 - 55% - 70% - 3:17
2 - 45% - 30% - 2:40
PK Forward
1 - 74% - 60% - 4:51
2 - 26% - 40% - 1:41
PK Defense
1 - 61% - 60% - 4:00
2 - 39% - 40% - 2:32
PK3 Forward
1 - 0% - 60%
2 - 0% - 40%
PK3 Defense
1 - 0% - 60%
2 - 0% - 40%
44 Forward
1 - 0% - 60%
2 - 0% - 40%
44 Defense
1 - 0% - 60%
2 - 0% - 40%
Last Minute Offensive  - 0:00
Last Minute Defensive  - 0:00
Total
Forward - 60:00
Defense - 60:00

% Time on Ice - Panthers

Lines # - Real PCT - Wanted PCT - Time Play
Normal Forward
1 - 35% - 40% - 16:43
2 - 26% - 30% - 12:19
3 - 23% - 20% - 10:51
4 - 16% - 10% - 7:38
Normal Defense
1 - 43% - 40% - 20:34
2 - 28% - 30% - 13:31
3 - 23% - 20% - 11:04
4 - 5% - 10% - 2:22
PP Forward
1 - 57% - 60% - 3:44
2 - 43% - 40% - 2:48
PP Defense
1 - 51% - 60% - 3:20
2 - 49% - 40% - 3:12
PK Forward
1 - 73% - 60% - 4:22
2 - 27% - 40% - 1:35
PK Defense
1 - 61% - 60% - 3:38
2 - 39% - 40% - 2:19
PK3 Forward
1 - 0% - 60%
2 - 0% - 40%
PK3 Defense
1 - 0% - 60%
2 - 0% - 40%
44 Forward
1 - 0% - 60%
2 - 0% - 40%
44 Defense
1 - 0% - 60%
2 - 0% - 40%
Last Minute Offensive  - 0:00
Last Minute Defensive  - 0:00
Total
Forward - 60:00
Defense - 60:00

Play-by-Play

1st period


0:01 of 1st period - Matt Stajan wins face-off versus Matt Duchene in neutral zone.
0:32 of 1st period - Snap shot by Clarke MacArthur.
0:32 of 1st period - Shot Blocked by Kyle Clifford.
0:50 of 1st period - Slapshot by Jamie McBain.
0:50 of 1st period - Stopped by Antti Niemi with a rebound.
1:28 of 1st period - Matt Stajan is hit by Alex Galchenyuk and loses puck.
1:50 of 1st period - Steve Montador is hit by Drew Stafford and loses puck.
2:54 of 1st period - Radko Gudas is hit by Scott Gomez and loses puck.
3:19 of 1st period - Wrist shot by Erik Christensen.
3:19 of 1st period - Stopped by Michal Neuvirth with a rebound.
3:38 of 1st period - Steve Quailer is hit by Johan Franzen.
3:47 of 1st period - Derek Boogaard is hit by Jean-Gabriel Pageau and loses puck.
4:05 of 1st period - Erik Gudbranson is hit by Jamie McBain and loses puck.
4:20 of 1st period - William Colbert is hit by Scott Gomez and loses puck.
4:27 of 1st period - Ryan Hollweg is hit by Alex Galchenyuk and loses puck.
4:46 of 1st period - Mike Ribeiro is hit by Erik Christensen and loses puck.
5:06 of 1st period - Matt Stajan is hit by Daniel Sedin.
5:18 of 1st period - Snap shot by Matt Duchene.
5:18 of 1st period - Stopped by Michal Neuvirth without a rebound.
5:19 of 1st period - Nik Antropov wins face-off versus Tomas Kopecky in Canucks zone.
6:16 of 1st period - Snap shot by Nik Antropov.
6:16 of 1st period - Goal by Nik Antropov - Canucks : 1 - Panthers : 0.
6:17 of 1st period - Matt Duchene wins face-off versus Matt Stajan in neutral zone.
6:54 of 1st period - Backhand shot by Nick Palmieri.
6:54 of 1st period - Stopped by Antti Niemi without a rebound.
6:55 of 1st period - Brad Boyes wins face-off versus Erik Christensen in Panthers zone.
7:18 of 1st period - Icing by Ladislav Smid.
7:19 of 1st period - Scott Gomez wins face-off versus Matt Duchene in Canucks zone.
7:45 of 1st period - Wrist shot by Brad Boyes.
7:45 of 1st period - Goal by Brad Boyes - Canucks : 2 - Panthers : 0.
7:46 of 1st period - Alex Galchenyuk wins face-off versus Matt Stajan in neutral zone.
7:49 of 1st period - Slapshot by Erik Gudbranson.
7:49 of 1st period - Stopped by Michal Neuvirth with a rebound.
7:51 of 1st period - Slapshot by Matt Irwin.
7:51 of 1st period - Stopped by Michal Neuvirth with a rebound.
7:52 of 1st period - Minor Penalty to Tomas Kopecky for Diving.
7:53 of 1st period - Matt Stajan wins face-off versus Jean-Gabriel Pageau in Panthers zone.
7:58 of 1st period - Slapshot by Matt Stajan.
7:58 of 1st period - Shot Blocked by Jean-Gabriel Pageau.
8:00 of 1st period - Slapshot by Jamie McBain.
8:00 of 1st period - Stopped by Antti Niemi with a rebound.
8:23 of 1st period - Icing by Mike Ribeiro.
8:24 of 1st period - Mike Ribeiro wins face-off versus Jean-Gabriel Pageau in Canucks zone.
9:52 of 1st period - Penalty to Tomas Kopecky is over, Tomas Kopecky is back on ice.
10:20 of 1st period - Mike Weber is hit by Martins Karsums and loses puck.
10:41 of 1st period - Clarke MacArthur is hit by Erik Gudbranson and loses puck.
10:59 of 1st period - Radko Gudas is hit by Steve Montador and loses puck.
11:14 of 1st period - Snap shot by Erik Gudbranson.
11:14 of 1st period - Stopped by Michal Neuvirth without a rebound.
11:15 of 1st period - Jonathan Matsumoto wins face-off versus Clarke MacArthur in Canucks zone.
11:30 of 1st period - Alex Goligoski is hit by Peter Worrell.
11:40 of 1st period - Matt Irwin is hit by Chris Higgins and loses puck.
11:45 of 1st period - Snap shot by Brad Boyes.
11:45 of 1st period - Stopped by Antti Niemi with a rebound.
11:47 of 1st period - Slapshot by Steve Montador.
11:47 of 1st period - Shot Misses the Net.
12:05 of 1st period - Wrist shot by Tomas Kopecky.
12:05 of 1st period - Shot Misses the Net.
12:07 of 1st period - Slapshot by Erik Gudbranson.
12:07 of 1st period - Shot Blocked by Ladislav Smid.
12:09 of 1st period - Wrist shot by Erik Gudbranson.
12:09 of 1st period - Deflect By Matt Duchene.
12:09 of 1st period - Shot Misses the Net.
12:09 of 1st period - Puck is out of play.
12:10 of 1st period - Matt Stajan wins face-off versus Matt Duchene in Canucks zone.
12:36 of 1st period - Nick Palmieri is hit by Kyle Clifford and loses puck.
12:59 of 1st period - Slapshot by Jamie McBain.
12:59 of 1st period - Deflect By Derek Boogaard.
12:59 of 1st period - Deflect By Mike Weber.
12:59 of 1st period - Shot Misses the Net.
12:59 of 1st period - Puck is out of play.
13:00 of 1st period - Matt Duchene wins face-off versus Nik Antropov in Panthers zone.
14:08 of 1st period - Snap shot by Ryan Hollweg.
14:08 of 1st period - Shot Misses the Net.
14:26 of 1st period - Danny DeKeiser is hit by Alex Galchenyuk and loses puck.
14:45 of 1st period - Justin Falk is hit by Erik Christensen and loses puck.
15:48 of 1st period - Matt Irwin is hit by Ryan Hollweg and loses puck.
15:53 of 1st period - Snap shot by Martins Karsums.
15:53 of 1st period - Shot Blocked by Patrick Eaves.
15:58 of 1st period - Off-side.
15:59 of 1st period - Matt Duchene wins face-off versus Matt Stajan in neutral zone.
16:10 of 1st period - Wrist shot by Chris Higgins.
16:10 of 1st period - Shot Hit the Post.
16:20 of 1st period - Clarke MacArthur is hit by Mike Weber and loses puck.
16:42 of 1st period - Off-side.
16:43 of 1st period - Jean-Gabriel Pageau wins face-off versus Nik Antropov in neutral zone.
16:47 of 1st period - Icing by Jamie McBain.
16:48 of 1st period - Alex Galchenyuk wins face-off versus Nik Antropov in Canucks zone.
17:15 of 1st period - Wrist shot by Kyle Clifford.
17:15 of 1st period - Stopped by Michal Neuvirth without a rebound.
17:16 of 1st period - Matt Stajan wins face-off versus Erik Christensen in Canucks zone.
17:16 of 1st period - Matt Stajan is hit by Kyle Clifford.
17:46 of 1st period - Snap shot by Brad Boyes.
17:46 of 1st period - Shot Blocked by Erik Gudbranson.
17:48 of 1st period - Slapshot by Ladislav Smid.
17:48 of 1st period - Goal by Ladislav Smid - Canucks : 3 - Panthers : 0.
17:49 of 1st period - Matt Duchene wins face-off versus Matt Stajan in neutral zone.
17:51 of 1st period - Minor Penalty to Tomas Kopecky for Hooking.
17:52 of 1st period - Matt Stajan wins face-off versus Jean-Gabriel Pageau in Panthers zone.
18:00 of 1st period - Snap shot by Matt Stajan.
18:00 of 1st period - Deflect By Chris Higgins.
18:00 of 1st period - Stopped by Antti Niemi with a rebound.
18:02 of 1st period - Snap shot by Alex Goligoski.
18:02 of 1st period - Stopped by Antti Niemi without a rebound.
18:03 of 1st period - Matt Stajan wins face-off versus Jean-Gabriel Pageau in Panthers zone.
19:51 of 1st period - Penalty to Tomas Kopecky is over, Tomas Kopecky is back on ice.
Goals for this period are 3 for Canucks vs 0 for Panthers.
Shots for this period are 9 for Canucks vs 6 for Panthers.

2nd period


0:01 of 2nd period - Matt Stajan wins face-off versus Matt Duchene in neutral zone.
0:06 of 2nd period - Slapshot by Matt Stajan.
0:06 of 2nd period - Deflect By Chris Higgins.
0:06 of 2nd period - Shot Blocked by Tomas Kopecky.
0:06 of 2nd period - Puck is out of play.
0:07 of 2nd period - Chris Higgins wins face-off versus Matt Duchene in Panthers zone.
0:12 of 2nd period - Slapshot by Jamie McBain.
0:12 of 2nd period - Stopped by Antti Niemi without a rebound.
0:13 of 2nd period - Matt Duchene wins face-off versus Matt Stajan in Panthers zone.
0:40 of 2nd period - Kyle Clifford is hit by Nick Palmieri and loses puck.
0:59 of 2nd period - Slapshot by Jean-Gabriel Pageau.
0:59 of 2nd period - Shot Misses the Net.
1:01 of 2nd period - Slapshot by Radko Gudas.
1:01 of 2nd period - Shot Blocked by Ryan Hollweg.
1:03 of 2nd period - Snap shot by Daniel Sedin.
1:03 of 2nd period - Shot Misses the Net.
1:09 of 2nd period - Snap shot by Jean-Gabriel Pageau.
1:09 of 2nd period - Shot Blocked by Alex Goligoski.
1:59 of 2nd period - Snap shot by Drew Stafford.
1:59 of 2nd period - Shot Misses the Net.
2:01 of 2nd period - Slapshot by Radko Gudas.
2:01 of 2nd period - Stopped by Michal Neuvirth without a rebound.
2:02 of 2nd period - Matt Stajan wins face-off versus Erik Christensen in Canucks zone.
2:27 of 2nd period - Danny DeKeiser is hit by Erik Gudbranson.
2:28 of 2nd period - Icing by Danny DeKeiser.
2:29 of 2nd period - Matt Duchene wins face-off versus Mike Ribeiro in Canucks zone.
2:34 of 2nd period - Snap shot by Alex Galchenyuk.
2:34 of 2nd period - Shot Misses the Net.
2:36 of 2nd period - Wrist shot by Matt Duchene.
2:36 of 2nd period - Deflect By Clarke MacArthur.
2:36 of 2nd period - Shot Misses the Net.
2:36 of 2nd period - Puck is out of play.
2:37 of 2nd period - Matt Duchene wins face-off versus Matt Stajan in Canucks zone.
2:38 of 2nd period - Snap shot by Tomas Kopecky.
2:38 of 2nd period - Stopped by Michal Neuvirth with a rebound.
2:50 of 2nd period - Wrist shot by Matt Stajan.
2:50 of 2nd period - Shot Misses the Net.
3:08 of 2nd period - Slapshot by Erik Gudbranson.
3:08 of 2nd period - Shot Misses the Net.
3:10 of 2nd period - Slapshot by Erik Gudbranson.
3:10 of 2nd period - Stopped by Michal Neuvirth with a rebound.
3:57 of 2nd period - Brad Boyes is hit by Mike Weber and loses puck.
4:15 of 2nd period - Johan Franzen is hit by Matt Duchene.
4:21 of 2nd period - Slapshot by Nik Antropov.
4:21 of 2nd period - Stopped by Antti Niemi with a rebound.
4:59 of 2nd period - Icing by Danny DeKeiser.
5:00 of 2nd period - Kyle Clifford wins face-off versus Matt Stajan in Canucks zone.
5:28 of 2nd period - Minor Penalty to Chris Higgins for High sticking.
5:29 of 2nd period - Matt Stajan wins face-off versus Matt Duchene in Canucks zone.
5:43 of 2nd period - Wrist shot by Erik Gudbranson.
5:43 of 2nd period - Deflect By Matt Stajan.
5:43 of 2nd period - Stopped by Michal Neuvirth with a rebound.
5:45 of 2nd period - Snap shot by Tomas Kopecky.
5:45 of 2nd period - Shot Misses the Net.
5:55 of 2nd period - Wrist shot by Drew Stafford.
5:55 of 2nd period - Stopped by Michal Neuvirth with a rebound.
5:57 of 2nd period - Snap shot by Erik Christensen.
5:57 of 2nd period - Shot Misses the Net.
5:59 of 2nd period - Wrist shot by Erik Christensen.
5:59 of 2nd period - Stopped by Michal Neuvirth with a rebound.
6:01 of 2nd period - Snap shot by Erik Christensen.
6:01 of 2nd period - Stopped by Michal Neuvirth with a rebound.
6:03 of 2nd period - Slapshot by Erik Christensen.
6:03 of 2nd period - Goal by Erik Christensen - Canucks : 3 - Panthers : 1.
6:04 of 2nd period - Matt Stajan wins face-off versus Matt Duchene in neutral zone.
6:09 of 2nd period - Slapshot by Jamie McBain.
6:09 of 2nd period - Shot Misses the Net.
6:13 of 2nd period - Wrist shot by Chris Higgins.
6:13 of 2nd period - Stopped by Antti Niemi with a rebound.
6:15 of 2nd period - Snap shot by Brad Boyes.
6:15 of 2nd period - Shot Misses the Net.
6:17 of 2nd period - Slapshot by Alex Goligoski.
6:17 of 2nd period - Stopped by Antti Niemi without a rebound.
6:18 of 2nd period - Matt Duchene wins face-off versus Chris Higgins in Panthers zone.
6:31 of 2nd period - Snap shot by Matt Duchene.
6:31 of 2nd period - Shot Misses the Net.
6:43 of 2nd period - Matt Irwin is hit by Johan Franzen.
6:53 of 2nd period - Slapshot by Jamie McBain.
6:53 of 2nd period - Shot Misses the Net.
6:55 of 2nd period - Snap shot by Johan Franzen.
6:55 of 2nd period - Stopped by Antti Niemi with a rebound.
7:05 of 2nd period - Wrist shot by Scott Gomez.
7:05 of 2nd period - Shot Misses the Net.
7:07 of 2nd period - Slapshot by Steve Montador.
7:07 of 2nd period - Stopped by Antti Niemi without a rebound.
7:08 of 2nd period - Matt Duchene wins face-off versus Scott Gomez in Panthers zone.
7:41 of 2nd period - Brad Boyes is hit by Radko Gudas and loses puck.
7:54 of 2nd period - Wrist shot by Nick Palmieri.
7:54 of 2nd period - Stopped by Antti Niemi without a rebound.
7:55 of 2nd period - Mike Ribeiro wins face-off versus Jean-Gabriel Pageau in Panthers zone.
8:00 of 2nd period - Wrist shot by Nick Palmieri.
8:00 of 2nd period - Shot Misses the Net.
8:02 of 2nd period - Snap shot by Mike Ribeiro.
8:02 of 2nd period - Shot Misses the Net.
8:31 of 2nd period - Wrist shot by Matt Duchene.
8:31 of 2nd period - Deflect By Alex Galchenyuk.
8:31 of 2nd period - Shot Misses the Net.
8:31 of 2nd period - Puck is out of play.
8:32 of 2nd period - Matt Stajan wins face-off versus Erik Christensen in Canucks zone.
8:58 of 2nd period - Icing by Steve Montador.
8:59 of 2nd period - Matt Duchene wins face-off versus Mike Ribeiro in Canucks zone.
9:02 of 2nd period - Slapshot by Matt Duchene.
9:02 of 2nd period - Shot Misses the Net.
9:20 of 2nd period - Wrist shot by Mike Ribeiro.
9:20 of 2nd period - Shot Misses the Net.
9:22 of 2nd period - Slapshot by Steve Montador.
9:22 of 2nd period - Stopped by Antti Niemi without a rebound.
9:23 of 2nd period - Matt Stajan wins face-off versus Erik Christensen in Panthers zone.
9:26 of 2nd period - Snap shot by Chris Higgins.
9:26 of 2nd period - Stopped by Antti Niemi without a rebound.
9:27 of 2nd period - Kyle Clifford wins face-off versus Matt Stajan in Panthers zone.
9:35 of 2nd period - Minor Penalty to Brad Boyes for Holding.
9:36 of 2nd period - Matt Duchene wins face-off versus Matt Stajan in Canucks zone.
9:40 of 2nd period - Wrist shot by Tomas Kopecky.
9:40 of 2nd period - Shot Misses the Net.
9:42 of 2nd period - Slapshot by Erik Gudbranson.
9:42 of 2nd period - Shot Blocked by Steve Montador.
10:44 of 2nd period - Slapshot by Jamie McBain.
10:44 of 2nd period - Shot Blocked by Matt Duchene.
11:02 of 2nd period - Kyle Clifford is hit by Clarke MacArthur and loses puck.
11:35 of 2nd period - Penalty to Brad Boyes is over, Brad Boyes is back on ice.
11:41 of 2nd period - Snap shot by Nik Antropov.
11:41 of 2nd period - Shot Misses the Net.
12:00 of 2nd period - Wrist shot by Brad Boyes.
12:00 of 2nd period - Shot Hit the Post.
12:02 of 2nd period - Snap shot by Brad Boyes.
12:02 of 2nd period - Shot Misses the Net.
12:20 of 2nd period - Erik Gustafsson is hit by Martins Karsums and loses puck.
12:29 of 2nd period - Jamie McBain is hit by Erik Gudbranson and loses puck.
13:03 of 2nd period - Alex Goligoski is hit by Daniel Sedin and loses puck.
13:30 of 2nd period - Minor Penalty to Derek Boogaard for Hooking.
13:31 of 2nd period - Matt Stajan wins face-off versus Matt Duchene in Canucks zone.
15:30 of 2nd period - Penalty to Derek Boogaard is over, Derek Boogaard is back on ice.
15:53 of 2nd period - Jonathan Matsumoto is hit by Ryan Hollweg and loses puck.
16:09 of 2nd period - Steve Quailer is hit by Johan Franzen and loses puck.
16:49 of 2nd period - Jean-Gabriel Pageau is hit by Brad Boyes and loses puck.
17:07 of 2nd period - Mike Weber is hit by Danny DeKeiser and loses puck.
17:22 of 2nd period - Wrist shot by Drew Stafford.
17:22 of 2nd period - Stopped by Michal Neuvirth without a rebound.
17:23 of 2nd period - Matt Stajan wins face-off versus Erik Christensen in Canucks zone.
17:37 of 2nd period - Wrist shot by Matt Stajan.
17:37 of 2nd period - Stopped by Antti Niemi with a rebound.
17:47 of 2nd period - Alex Goligoski is hit by Matt Duchene.
18:36 of 2nd period - Snap shot by Clarke MacArthur.
18:36 of 2nd period - Stopped by Antti Niemi without a rebound.
18:37 of 2nd period - Matt Stajan wins face-off versus Jean-Gabriel Pageau in Panthers zone.
18:50 of 2nd period - Jamie McBain is hit by Jean-Gabriel Pageau.
19:12 of 2nd period - Slapshot by Chris Higgins.
19:12 of 2nd period - Shot Misses the Net.
19:24 of 2nd period - Snap shot by Brad Boyes.
19:24 of 2nd period - Stopped by Antti Niemi without a rebound.
19:25 of 2nd period - Nik Antropov wins face-off versus Matt Duchene in Panthers zone.
19:38 of 2nd period - Alex Galchenyuk is hit by Jamie McBain and loses puck.
19:53 of 2nd period - Slapshot by Erik Gudbranson.
19:53 of 2nd period - Stopped by Michal Neuvirth without a rebound.
19:54 of 2nd period - Scott Gomez wins face-off versus Erik Christensen in Canucks zone.
19:54 of 2nd period - Jamie McBain is hit by Mike Weber and loses puck.
Goals for this period are 0 for Canucks vs 1 for Panthers.
Shots for this period are 12 for Canucks vs 10 for Panthers.

3rd period


0:01 of 3rd period - Matt Stajan wins face-off versus Matt Duchene in neutral zone.
0:01 of 3rd period - Alex Goligoski is hit by Alex Galchenyuk and loses puck.
0:10 of 3rd period - Wrist shot by Chris Higgins.
0:10 of 3rd period - Goal by Chris Higgins - Canucks : 4 - Panthers : 1.
0:11 of 3rd period - Brad Boyes wins face-off versus Matt Duchene in neutral zone.
0:14 of 3rd period - Alex Galchenyuk is hit by Matt Stajan and loses puck.
0:23 of 3rd period - Brad Boyes is hit by Tomas Kopecky and loses puck.
3:35 of 3rd period - Slapshot by Martins Karsums.
3:35 of 3rd period - Shot Blocked by Erik Christensen.
3:48 of 3rd period - Steve Montador is hit by Matt Irwin and loses puck.
4:14 of 3rd period - Slapshot by Erik Gudbranson.
4:14 of 3rd period - Stopped by Michal Neuvirth without a rebound.
4:15 of 3rd period - Matt Stajan wins face-off versus Matt Duchene in Canucks zone.
4:40 of 3rd period - Mike Ribeiro is hit by Kyle Clifford and loses puck.
5:09 of 3rd period - Derek Boogaard is hit by Steve Quailer and loses puck.
5:29 of 3rd period - Snap shot by Peter Worrell.
5:29 of 3rd period - Shot Blocked by Brad Boyes.
5:33 of 3rd period - Wrist shot by Matt Duchene.
5:33 of 3rd period - Stopped by Michal Neuvirth with a rebound.
5:41 of 3rd period - Wrist shot by Matt Duchene.
5:41 of 3rd period - Stopped by Michal Neuvirth with a rebound.
6:59 of 3rd period - Slapshot by Ladislav Smid.
6:59 of 3rd period - Stopped by Antti Niemi with a rebound.
7:01 of 3rd period - Slapshot by Ladislav Smid.
7:01 of 3rd period - Shot Blocked by Matt Duchene.
7:03 of 3rd period - Backhand shot by Steve Montador.
7:03 of 3rd period - Shot Misses the Net.
7:05 of 3rd period - Wrist shot by Johan Franzen.
7:05 of 3rd period - Stopped by Antti Niemi with a rebound.
7:07 of 3rd period - Slapshot by Nik Antropov.
7:07 of 3rd period - Stopped by Antti Niemi with a rebound.
7:09 of 3rd period - Snap shot by Derek Boogaard.
7:09 of 3rd period - Canucks goal is going for a video replay.
7:09 of 3rd period - The goal is refused. The puck has entered the net after making contact with an attacking player’s stick that is above the height of the crossbar..
7:10 of 3rd period - Erik Christensen wins face-off versus Mike Ribeiro in Panthers zone.
7:12 of 3rd period - Icing by Matt Irwin.
7:13 of 3rd period - Mike Ribeiro wins face-off versus Kyle Clifford in Panthers zone.
7:16 of 3rd period - Wrist shot by Nick Palmieri.
7:16 of 3rd period - Goal by Nick Palmieri - Canucks : 5 - Panthers : 1.
7:17 of 3rd period - Matt Stajan wins face-off versus Matt Duchene in neutral zone.
7:22 of 3rd period - Slapshot by Jamie McBain.
7:22 of 3rd period - Deflect By Chris Higgins.
7:22 of 3rd period - Goal by Chris Higgins - Canucks : 6 - Panthers : 1.
7:22 of 3rd period - Petr Mrazek enters game.
7:23 of 3rd period - Matt Duchene wins face-off versus Matt Stajan in neutral zone.
7:25 of 3rd period - Off-side.
7:26 of 3rd period - Matt Duchene wins face-off versus Matt Stajan in neutral zone.
7:31 of 3rd period - Snap shot by Brad Boyes.
7:31 of 3rd period - Stopped by Petr Mrazek without a rebound.
7:32 of 3rd period - Matt Stajan wins face-off versus Matt Duchene in Panthers zone.
8:30 of 3rd period - Wrist shot by Tomas Kopecky.
8:30 of 3rd period - Shot Misses the Net.
8:40 of 3rd period - Snap shot by Alex Galchenyuk.
8:40 of 3rd period - Shot Blocked by Jamie McBain.
8:46 of 3rd period - Snap shot by Tomas Kopecky.
8:46 of 3rd period - Stopped by Michal Neuvirth with a rebound.
8:48 of 3rd period - Snap shot by Tomas Kopecky.
8:48 of 3rd period - Shot Misses the Net.
8:52 of 3rd period - Slapshot by Alex Galchenyuk.
8:52 of 3rd period - Stopped by Michal Neuvirth without a rebound.
8:52 of 3rd period - Minor Penalty to Tomas Kopecky for Interference.
8:53 of 3rd period - Jean-Gabriel Pageau wins face-off versus Mike Ribeiro in Panthers zone.
10:52 of 3rd period - Penalty to Tomas Kopecky is over, Tomas Kopecky is back on ice.
11:03 of 3rd period - Peter Worrell is hit by Scott Gomez and loses puck.
11:35 of 3rd period - Ryan Hollweg is hit by Steve Quailer and loses puck.
11:58 of 3rd period - Johan Franzen is hit by Drew Stafford and loses puck.
12:09 of 3rd period - Justin Falk is hit by Jonathan Matsumoto and loses puck.
12:41 of 3rd period - Steve Montador is hit by Daniel Sedin.
13:28 of 3rd period - Icing by Peter Worrell.
13:29 of 3rd period - Jonathan Matsumoto wins face-off versus Nick Palmieri in Panthers zone.
13:57 of 3rd period - Off-side.
13:58 of 3rd period - Jonathan Matsumoto wins face-off versus Matt Stajan in neutral zone.
14:36 of 3rd period - Snap shot by Matt Duchene.
14:36 of 3rd period - Goal by Matt Duchene - Canucks : 6 - Panthers : 2.
14:37 of 3rd period - Tomas Kopecky wins face-off versus Matt Stajan in neutral zone.
14:46 of 3rd period - Snap shot by Chris Higgins.
14:46 of 3rd period - Shot Blocked by Matt Duchene.
14:54 of 3rd period - Chris Higgins is hit by Matt Duchene and loses puck.
15:17 of 3rd period - Snap shot by Mike Ribeiro.
15:17 of 3rd period - Stopped by Petr Mrazek with a rebound.
16:31 of 3rd period - Minor Penalty to Brad Boyes for Holding.
16:32 of 3rd period - Matt Stajan wins face-off versus Matt Duchene in Canucks zone.
16:41 of 3rd period - Snap shot by Alex Galchenyuk.
16:41 of 3rd period - Stopped by Michal Neuvirth without a rebound.
16:42 of 3rd period - Matt Stajan wins face-off versus Alex Galchenyuk in Canucks zone.
16:53 of 3rd period - Slapshot by Matt Stajan.
16:53 of 3rd period - Stopped by Petr Mrazek without a rebound.
16:54 of 3rd period - Matt Stajan wins face-off versus Matt Duchene in Panthers zone.
17:39 of 3rd period - Steve Montador is hit by Matt Irwin and loses puck.
18:31 of 3rd period - Penalty to Brad Boyes is over, Brad Boyes is back on ice.
19:37 of 3rd period - Mike Weber is hit by Danny DeKeiser and loses puck.
19:50 of 3rd period - Snap shot by Patrick Eaves.
19:50 of 3rd period - Shot Misses the Net.
19:52 of 3rd period - Slapshot by Radko Gudas.
19:52 of 3rd period - Deflect By Ladislav Smid.
19:52 of 3rd period - Stopped by Michal Neuvirth with a rebound.
Goals for this period are 3 for Canucks vs 1 for Panthers.
Shots for this period are 10 for Canucks vs 8 for Panthers.